 Dungeon Crawl Stone Soup version 0.30.0-5-g1a98f26d00 (webtiles) character file.

Game seed: 6002012057454518174

8 Woods the Ruffian (level 2, 0/25 HPs)
             Began as a Naga Transmuter on May 11, 2023.
             Slain by a bat (1 damage)
             ... on level 1 of the Dungeon.
             The game lasted 00:01:00 (234 turns).

Woods the Ruffian (Naga Transmuter)                  Turns: 234, Time: 00:01:00

Health: 0/25       AC:  2    Str: 12    XL:     2   Next: 8%
Magic:  4/5        EV:  9    Int: 13    God:
Gold:   27         SH:  0    Dex: 11    Spells: 4/5 levels left

rFire   . .          .
                       - Unarmed
rCold   . . .        (no shield)
rNeg    . . .        d - +0 leather armour
rPois   +            (helmet currently unavailable)
rElec   .            (no cloak)
rCorr   .            (no gloves)
SInv    +            (no barding)
Will    .....        (no amulet)
Stlth   +            (no ring)
HPRegen 0.24/turn    (no ring)
MPRegen 0.09/turn

%: no passive effects
@: short of breath, appendages, very slow
A: horns 2, AC +0, large, see invisible, deformed body, poison resistance,
slowness 2, spit poison 1, naga tail 1
a: Spit Poison, End Transformation


You were on level 1 of the Dungeon.
You had temporarily grown beastly horns.
You visited 1 branch of the dungeon, and saw 1 of its levels.

You collected 27 gold pieces.

Inventory:

Armour
 a - a +0 robe
 d - a +0 leather armour (worn)
 e - a +0 ring mail
Potions
 b - a potion of lignification
 c - 2 potions of mutation {unknown}


   Skills:
 * Level 1.4 Fighting
 - Level 1.5 Dodging
 * Level 3.2 Unarmed Combat
 + Level 2.0 Spellcasting
 + Level 2.1 Transmutations


You had 4 spell levels left.
You knew the following spells:

 Your Spells              Type           Power      Damage    Failure   Level
a - Beastly Appendage     Tmut           12%        N/A       14%         1

Your spell library contained the following spells:

 Spells                   Type           Power      Damage    Failure   Level
 Wereblood                Tmut           6%         N/A       21%         2
 Spider Form              Tmut/Pois      4%         N/A       52%         3
 Ice Form                 Ice/Tmut       4%         N/A       90%         4


Dungeon Overview and Level Annotations

Branches:
Dungeon (1/15)

Altars:


Innate Abilities, Weirdness & Mutations

You have temporarily grown beastly horns.
Your serpentine skin is tough. (AC +0)
You have supernaturally acute eyesight. (SInv)
Armour fits poorly on your strangely shaped body.
Your system is resistant to poisons. (rPois)
You cover ground very slowly.
You can spit poison.
You have a snake-like lower body.


Message History

The giant cockroach closely misses you.
The giant cockroach attacks as you move away!
The giant cockroach bites you.
* * * LOW HITPOINT WARNING * * *
The bat barely misses you. The kobold closely misses you.
Aiming: Spit Poison (3% risk of failure)
Press: ? - help, Shift-Dir - straight line, f - kobold
Aim: a kobold, wielding a +0 dagger (43% to hit)
The splash of poison hits the kobold.
The kobold is severely wounded.
The bat hits you but does no damage. The kobold hits you but does no damage.
You hit the kobold.
You kill the kobold!
The bat barely misses you. The bat hits you but does no damage.
You have reached level 2!
You hit the giant cockroach.
You kill the giant cockroach!
Your horns disappear.
The bat hits you but does no damage.
Okay, then.
The bat hits you but does no damage. The bat hits you.
* * * LOW HITPOINT WARNING * * *
You barely miss the bat. The bat barely misses you.
You have got your breath back.
The bat hits you.
* * * LOW HITPOINT WARNING * * *
The bat hits you but does no damage.
Aiming: Spit Poison (2% risk of failure)
Press: ? - help, Shift-Dir - straight line, f - bat
Aim: a bat (41% to hit)
The splash of poison misses the bat.
The bat hits you.
* * * LOW HITPOINT WARNING * * *
You barely miss the bat. The bat hits you.
* * * LOW HITPOINT WARNING * * *
Casting: Beastly Appendage (safe; 14% risk of failure)
Confirm with . or Enter, or press ? or * to list all spells.
You grow a pair of large bovine horns.
The bat hits you but does no damage.
You barely miss the bat. The bat closely misses you. The bat hits you.
You die...

#.. #.# ######## #.#
.......# #.#####
######.# #.....#b.
######.# #.......#
.......# #)###.b..
.####### #.# ### .###
#########@#
...#####........b###.##
........................
.....................#.#
##.#################.#
#.# # #.## #..# ###.#


You could see a bat.

Vanquished Creatures
  A ball python (D:1)
  3 giant cockroaches (D:1)
  A frilled lizard (D:1)
  A kobold (D:1)
  2 rats (D:1)
8 creatures vanquished.

Notes
Turn   | Place    | Note
-------+----------+-------------------------------------------
     0 | D:1      | Woods the Naga Transmuter began the quest for the Orb.
     0 | D:1      | Reached XP level 1. HP: 18/18 MP: 3/3
   226 | D:1      | Reached XP level 2. HP: 3/25 MP: 5/5
   231 | D:1      | HP: 1/25 [bat (1)]
   234 | D:1      | Slain by a bat

Illustrated notes

Levels and vault maps discovered:
D:1:      dpeg_arrival_round_a, layout_basic

Action                     || total
---------------------------++-------
  Melee: Unarmed           ||    23
         Headbutt          ||     4
         Punch             ||     1
   Cast: Beastly Appendage ||     7
Ability: Spit Poison       ||     2
 Armour: Leather armour    ||     9
         Robe              ||     1
  Dodge: Dodged            ||    19
